 Dungeon Crawl Stone Soup version 0.19-a0-252-g247cc30 (webtiles) character file.

69 Kenran the Insei (level 4, -2/23 HPs)
             Began as a Vine Stalker Monk on May 25, 2016.
             Slain by an adder (4 damage)
             ... on level 2 of the Dungeon.
             The game lasted 00:02:56 (1209 turns).

Kenran the Insei (Vine Stalker Monk)                Turns: 1209, Time: 00:02:56

Health: -2/23      AC:  3    Str: 14    XL:     4   Next: 20%
Magic:  0/5        EV: 12    Int: 10    God:
Gold:   122        SH:  0    Dex: 17    Spells: 0 memorised, 3 levels left

rFire  . . .     SeeInvis .     a - +4 short sword
rCold  . . .     Gourm    .     g - +0 leather armour
rNeg   . . .     Faith    .     (no shield)
rPois  .         Spirit   +     (no helmet)
rElec  .         Dismiss  .     (no cloak)
rCorr  .         Reflect  .     (no gloves)
SustAt .         Harm     .     (no boots)
MR     .....                    (no amulet)
Stlth  ++........               (no ring)
                                (no ring)

@: lethally poisoned (-2 -> -3), not resistant to hostile enchantments,
unstealthy
A: fangs 2, regeneration 1, magic shield, antimagic bite, no device heal 3, rot
immunity
a: no special abilities


You were on level 2 of the Dungeon.
You were not hungry.

You visited 1 branch of the dungeon, and saw 2 of its levels.

You collected 122 gold pieces.

Inventory:

Hand Weapons
 a - a +4 short sword (weapon)
Missiles
 e - 29 sling bullets
Armour
 g - a +0 leather armour (worn)
Jewellery
 m - an uncursed ring of magical power {unknown}
Scrolls
 c - 2 scrolls of recharging {unknown}
 d - 3 scrolls of random uselessness {unknown}
 f - 2 scrolls of remove curse {unknown}
 k - 2 scrolls of identify {unknown}
 n - a scroll of noise {unknown}
Potions
 o - a potion of curing
 p - a potion of degeneration {unknown}
 q - a potion of cancellation {unknown}
Comestibles
 b - 6 bread rations
 h - a chunk of flesh
 j - 2 meat rations
 l - a royal jelly


   Skills:
 - Level 2.6 Fighting
 - Level 2.4 Dodging
 - Level 2.4 Stealth
 + Level 5.6 Unarmed Combat


You had 3 spell levels left.
You didn't know any spells.

Dungeon Overview and Level Annotations

Branches:
Dungeon (2/15)

Altars:
Qazlal


Innate Abilities, Weirdness & Mutations

You have extremely sharp teeth.
Your natural rate of healing is unusually fast.
When hurt, damage is shared between your health and your magic reserves.
Your bite disrupts and absorbs the magic of your enemies.
Potions and wands cannot restore your health.
You are immune to rotting.


Message History

You closely miss the adder. Your bite misses the adder.
The adder is lightly wounded.
* * * LOW HITPOINT WARNING * * *
You feel sick. The adder bites you.
* * * LOW HITPOINT WARNING * * *
* * * LOW HITPOINT WARNING * * *
You feel sick. The adder bites you.
* * * LOW HITPOINT WARNING * * *
Items here: " $ )) † a dagger of venom; a hunting sling; a runed peridot amulet; 21 gold pieces a goblin corpse Drink which item? (? for menu, Esc to quit)
It was a potion of curing.
You feel better. The adder bites you.
You are poisoned.
The adder poisons you!
Drink which item? (? for menu, Esc to quit)
It was a potion of heal wounds.
That seemed strangely inert.
* * * LOW HITPOINT WARNING * * *
You feel sick. The adder bites you.
You die...

#.....# #.....##
#.....#####.###...
##.#####.#.......#.# #.##
#......#.#######.#.######
#......#.#.....#.#.......
#......#)......#.#.#.####
.......#.#.#####.#.#....#
.......#.#.# #.#.#.....
.......#@# # #.#.#....#
.......S.# #........#
.).##....# #####......#
.......# #<######÷..#
.......... #..........#
.......#.## ########....
.......$.# #.#..
.........# #.### .......
.# #....


You could see an adder.

Vanquished Creatures
  Jessica (D:2)
  An ooze (D:1)
  2 dart slugs (D:1)
  3 giant geckos
  2 giant cockroaches (D:1)
  5 goblins
  4 hobgoblins
  3 kobolds (D:1)
  2 quokkas (D:2)
  3 bats (D:1)
  3 rats
29 creatures vanquished.

Notes
Turn   | Place    | Note
--------------------------------------------------------------
     0 | D:1      | Kenran the Vine Stalker Monk began the quest for the Orb.
     0 | D:1      | Reached XP level 1. HP: 11/11 MP: 2/2
   124 | D:1      | Reached XP level 2. HP: 16/16 MP: 3/3
   589 | D:1      | Reached XP level 3. HP: 19/19 MP: 4/4
   623 | D:1      | Reached skill level 5 in Unarmed Combat
  1169 | D:2      | Found a stormy altar of Qazlal.
  1174 | D:2      | Noticed Jessica
  1189 | D:2      | Killed Jessica
  1189 | D:2      | Reached XP level 4. HP: 23/23 MP: 5/5
  1209 | D:2      | Slain by an adder

Vault maps used:
D:1:      tarquinn_simple_flora_water_c
D:2:      overflow_temple_1_default, first_bread, uniq_jessica

Skill      XL: |  1  2  3 |
---------------+----------+-----
Unarmed Combat | 5 |  5.6
Fighting       | |  2.6
Dodging        | |  2.4
Stealth        | |  2.4

Action                   |  1- 3 |  4- 6 || total
-------------------------+-------+-------++-------
Melee: Unarmed           |    31 |       ||    31
       Bite              |    14 |     2 ||    16
       Short sword       |    38 |    10 ||    48
       Punch             |     1 |       ||     1
  Use: Potion            |       |     2 ||     2
 Stab: Sleeping          |     9 |       ||     9
  Eat: Chunk             |     1 |       ||     1
Armor: Robe              |     9 |       ||     9
       Leather armour    |     6 |     4 ||    10
Dodge: Dodged            |    37 |     5 ||    42
